[Event "Titled Tuesday Blitz November 15 Late 2022"]
[White "Domingo Nunez, Alejandro"]
[Black "Steinberg, Nitzan"]
[WhiteFideId "22245561"]
[BlackFideId "2801795"]
[WhiteElo "2242"]
[BlackElo "2491"]
[Result "0-1"]
[Round "03"]
[TimeControl "180+1"]
[Date "2022.11.15"]
[WhiteClock "0:00:06"]
[BlackClock "0:00:06"]

1. Nf3 Nf6 2. g3 g6 3. Bg2 Bg7 4. O-O O-O 5. d4 d6 6. b3 e5 7. dxe5 Ng4 8. Bb2 Nc6 9. c4 Ngxe5 10. Nc3 Nxf3+ 11. exf3 Re8 12. f4 h5 13. Qd2 h4 14. Nd5 h3 15. Bf3 Be6 16. Bxg7 Kxg7 17. Qc3+ f6 18. Ne3 Qd7 19. Rad1 Rad8 20. g4 Qf7 21. Kh1 Bc8 22. Rg1 Rh8 23. Rg3 Rde8 24. g5 Ne7 25. Be4 Rh4 26. Rdg1 Rxf4 27. gxf6+ Qxf6 28. Rxg6+ Nxg6 29. Rxg6+ Kf7 30. Rxf6+ Rxf6 31. Nd5 Rxf2 32. Bg6+ Kg8 33. Bd3 Re5 34. Qc1 Bg4 35. Nf4 Kg7 36. Kg1 Rf3 37. Be2 Rxf4 38. Qxf4 Bxe2 39. Qg3+ Kf6 40. Qxh3 Re7 41. Qh4+ Kf7 42. Qh7+ Ke8 43. Qg8+ Kd7 44. Qb8 b6 45. Qxa7 Bf3 46. Qb8 Re8 47. Qa7 Ra8 48. Qxa8 Bxa8 49. Kf2 Ke6 50. Ke3 Ke5 51. b4 Be4 52. a4 Bg2 53. a5 bxa5 54. bxa5 Bf1 55. a6 Bxc4 56. a7 Bd5 57. h4 Kf5 58. Kd4 Ba8 59. Kc4 Kg4 60. Kb5 Kxh4 0-1


[Site "https://www.chess.com"]

[Event "Titled Tuesday Blitz November 15 Late 2022"]
[White "Dudzinski, Pawel"]
[Black "Bulgurlu, Okan"]
[WhiteFideId "1117890"]
[BlackFideId "6352316"]
[WhiteElo "2086"]
[BlackElo "2254"]
[Result "0-1"]
[Round "03"]
[TimeControl "180+1"]
[Date "2022.11.16"]
[WhiteClock "0:00:02"]
[BlackClock "0:00:20"]

1. e4 c5 2. Nc3 d6 3. g3 Nf6 4. Bg2 g6 5. d3 Bg7 6. h3 O-O 7. Be3 Nc6 8. f4 Nd4 9. Qd2 Rb8 10. Nd1 e5 11. c3 Nc6 12. Ne2 d5 13. Bxc5 Re8 14. exd5 Nxd5 15. O-O b6 16. Ba3 Bb7 17. f5 Nc7 18. g4 e4 19. d4 Nb5 20. Ng3 Nxa3 21. bxa3 Nxd4 22. cxd4 Bxd4+ 23. Ne3 Bxa1 24. Qxd8 Rbxd8 25. Rxa1 Rd3 26. Re1 Rxa3 27. f6 h6 28. Kh2 Rxa2 29. Kh1 b5 30. h4 b4 31. Nc4 Re6 32. Rb1 a5 33. g5 hxg5 34. hxg5 Bd5 0-1


[Site "https://www.chess.com"]

[Event "Titled Tuesday Blitz November 15 Late 2022"]
[White "Dzierzak, Radoslaw"]
[Black "Harish, Neeraj"]
[WhiteFideId "1161407"]
[BlackFideId "30958130"]
[WhiteElo "2111"]
[BlackElo "1815"]
[Result "1-0"]
[Round "03"]
[TimeControl "180+1"]
[Date "2022.11.16"]
[WhiteClock "0:00:17"]
[BlackClock "0:00:17"]

1. e4 c5 2. Nf3 Nc6 3. d4 cxd4 4. Nxd4 Nf6 5. Nc3 e5 6. Nde2 Bc5 7. Ng3 O-O 8. Be2 d6 9. O-O Be6 10. Bg5 h6 11. Bxf6 Qxf6 12. Nd5 Bxd5 13. Qxd5 Qe6 14. Qd2 Rad8 15. Rad1 Ne7 16. b4 Bb6 17. c4 Nc6 18. Nf5 Nd4 19. Bg4 Nxf5 20. Bxf5 Qxc4 21. Rc1 Qd4 22. Qxd4 Bxd4 23. Rc7 g6 24. Bh3 d5 25. exd5 Rxd5 26. Rxb7 Bb6 27. a4 Rd2 28. a5 Bd4 29. g3 Rb2 30. b5 Ra2 31. a6 Rd8 32. Bd7 Rb2 33. Kg2 Rd2 34. h4 Bc5 35. Bc6 Rb2 36. Rd7 Rxd7 37. Bxd7 Kf8 38. g4 Ke7 39. Bc6 Bb6 40. Kg3 Rd2 41. f3 Ke6 42. Rc1 Bf2+ 43. Kh3 Bb6 44. Be4 Rd6 45. Rc8 f5 46. gxf5+ gxf5 47. Bc6 Rd3 48. Kg2 Re3 49. Re8+ Kf7 50. Rh8 Kg7 51. Rb8 Bd4 52. b6 Bxb6 53. Rxb6 axb6 54. a7 Ra3 55. a8=Q Rxa8 56. Bxa8 Kf6 57. Bd5 Ke7 58. Kf2 Kd6 59. Bb7 Kc5 60. Ke3 b5 61. Bc8 f4+ 62. Kd3 b4 63. Bf5 Kd5 64. Be4+ Kc5 65. h5 Kb5 66. Bd5 Kc5 67. Be4 Kb5 68. Ba8 Kc5 69. Kc2 Kd4 70. Be4 Kc5 71. Kb3 Kb5 72. Bd3+ Kc5 73. Be2 Kd4 74. Kxb4 Ke3 75. Bd1 Kd2 76. Bb3 Ke3 77. Bd5 Kf2 78. Be4 Kg3 79. Kc5 Kh4 80. Bg6 Kg3 81. Be4 Kh4 82. Kd5 Kxh5 83. Kxe5 Kg5 84. Bb7 h5 85. Bc8 h4 86. Bh3 Kg6 87. Kxf4 Kf6 88. Kg4 Kg6 89. Kxh4 Kf6 90. Kg4 Kg6 91. f4 Kf7 92. f5 Kg7 93. Kf4 Kf6 94. Ke4 Kf7 95. Ke5 Kg7 96. f6+ Kf7 97. Kf5 Kf8 98. Kg6 Kg8 99. f7+ Kf8 100. Bg4 1-0


[Site "https://www.chess.com"]

[Event "Titled Tuesday Blitz November 15 Late 2022"]
[White "Eljanov, Pavel"]
[Black "Nakamura, Hikaru"]
[WhiteFideId "14102951"]
[BlackFideId "2016192"]
[WhiteElo "2601"]
[BlackElo "2909"]
[Result "0-1"]
[Round "03"]
[TimeControl "180+1"]
[Date "2022.11.15"]
[WhiteClock "0:00:12"]
[BlackClock "0:00:26"]

1. c4 g6 2. g3 Nf6 3. Bg2 d5 4. cxd5 Nxd5 5. Nc3 Nb6 6. h4 Bg7 7. h5 Nc6 8. Nf3 Bg4 9. h6 Bf6 10. Ne4 Bd4 11. e3 f5 12. Neg5 Bf6 13. Qb3 Qd5 14. Ne6 Rc8 15. Qxd5 Nxd5 16. d4 Ndb4 17. O-O Nd8 18. Nf4 g5 19. Ne2 c5 20. Bd2 Nd3 21. Bc3 c4 22. Nc1 f4 23. Nxd3 cxd3 24. Rad1 Be6 25. a3 g4 26. Ne1 f3 27. Bh1 Nf7 28. Nxd3 Ng5 29. Nf4 Bb3 30. Rc1 Ne4 31. Bb4 Kf7 32. Nd3 Bc4 33. Rcd1 b6 34. Rfe1 a5 35. Bc3 Bb3 36. Rc1 Rhd8 37. Nf4 Rc6 0-1


[Site "https://www.chess.com"]

[Event "Titled Tuesday Blitz November 15 Late 2022"]
[White "Espinosa, Pedro"]
[Black "Goltsev, Dmitry"]
[WhiteFideId "30921066"]
[BlackFideId "24176710"]
[WhiteElo "2563"]
[BlackElo "2783"]
[Result "0-1"]
[Round "03"]
[TimeControl "180+1"]
[Date "2022.11.16"]
[WhiteClock "0:00:08"]
[BlackClock "0:01:42"]

1. e4 e6 2. d4 d5 3. Nc3 Nf6 4. Bg5 dxe4 5. Nxe4 Be7 6. Nxf6+ gxf6 7. Bf4 a6 8. Nf3 b5 9. Be2 Bb7 10. O-O Nd7 11. c4 bxc4 12. Bxc4 Nb6 13. Be2 Qd5 14. Bxc7 Nd7 15. Qb3 Rg8 16. Qxd5 Bxd5 17. Bg3 f5 18. Rac1 Bxa2 19. Ra1 Bd5 20. Kh1 h5 21. Rg1 h4 22. Nxh4 f4 23. Rxa6 Rxa6 24. Bxa6 fxg3 25. fxg3 Bxh4 26. gxh4 Nf6 27. Be2 Ne4 28. Rf1 Ke7 29. Bf3 Nd2 30. Rf2 Nxf3 31. gxf3 Rh8 32. Kg2 Rxh4 33. Rd2 Rh8 34. b4 Rb8 35. Rb2 Kf6 36. Kg3 Kf5 37. h4 Rg8+ 38. Kf2 Kf4 39. b5 Rh8 40. b6 Rxh4 41. Rb4 Rh2+ 42. Kg1 Rh8 43. Kf2 f5 44. Rb5 Bb7 45. Rc5 Rh2+ 46. Kg1 Kg3 47. Rc7 Bxf3 48. Rg7+ Bg4 49. b7 Rb2 50. b8=Q+ Rxb8 0-1


[Site "https://www.chess.com"]

[Event "Titled Tuesday Blitz November 15 Late 2022"]
[White "Estrada Nieto, Julian"]
[Black "Kamsky, Gata"]
[WhiteFideId "5101018"]
[BlackFideId "2000024"]
[WhiteElo "2221"]
[BlackElo "2666"]
[Result "0-1"]
[Round "03"]
[TimeControl "180+1"]
[Date "2022.11.16"]
[WhiteClock "0:01:21"]
[BlackClock "0:02:10"]

1. e4 c6 2. d4 d5 3. Nd2 g6 4. h3 Bg7 5. Ngf3 dxe4 6. Nxe4 Nd7 7. Bc4 Ndf6 8. Nxf6+ Nxf6 9. O-O O-O 10. Re1 b5 11. Bb3 a5 12. a4 b4 13. Ne5 Bb7 14. Bg5 Nd5 15. Nd3 Bxd4 16. Bxd5 Qxd5 17. Bxe7 c5 18. Nf4 Qf5 19. Bxf8 Qxf4 20. Be7 Qxf2+ 0-1


[Site "https://www.chess.com"]

[Event "Titled Tuesday Blitz November 15 Late 2022"]
[White "Fedoseev, Vladimir"]
[Black "Rustemov, Alexander"]
[WhiteFideId "24130737"]
[BlackFideId "4119002"]
[WhiteElo "2726"]
[BlackElo "2833"]
[Result "1-0"]
[Round "03"]
[TimeControl "180+1"]
[Date "2022.11.15"]
[WhiteClock "0:00:13"]
[BlackClock "0:00:01"]

1. e4 e6 2. d4 d5 3. exd5 exd5 4. Bd3 Nc6 5. c3 Bd6 6. Qf3 Nge7 7. Ne2 Be6 8. Bf4 Qd7 9. Bxd6 Qxd6 10. Nd2 O-O 11. h4 Rae8 12. O-O-O Nd8 13. g4 f6 14. Nf4 Bd7 15. Rde1 Ne6 16. Nxe6 Bxe6 17. Re3 Bd7 18. h5 f5 19. g5 f4 20. Re5 Bf5 21. Rhe1 Bxd3 22. Qxd3 Qd7 23. Qe2 Kf7 24. Nf3 g6 25. hxg6+ Nxg6 26. Qd3 Kg7 27. Rh1 c6 28. Rxe8 Rxe8 29. Ne5 Qe6 30. Rh6 c5 31. Kb1 a6 32. a3 b5 33. Nxg6 c4 34. Qd2 Qe4+ 35. Ka2 hxg6 36. Rh4 Rf8 37. Qd1 Qf5 38. Qh1 Qxg5 39. Rh7+ Kf6 40. Rd7 Rf7 41. Rxd5 Qg4 42. Qh8+ Ke6 43. Re5+ Kd7 44. Qe8+ Kd6 45. Qxf7 Qd1 46. Qe7+ Kc6 47. Rc5+ 1-0


[Site "https://www.chess.com"]

[Event "Titled Tuesday Blitz November 15 Late 2022"]
[White "Fernandez Hernandez, Gerardo"]
[Black "Molenda, Marcin"]
[WhiteFideId "2207400"]
[BlackFideId "1173065"]
[WhiteElo "2224"]
[BlackElo "2281"]
[Result "0-1"]
[Round "03"]
[TimeControl "180+1"]
[Date "2022.11.16"]
[WhiteClock "0:00:01"]
[BlackClock "0:00:15"]

1. e4 c6 2. d4 d5 3. exd5 cxd5 4. c4 e6 5. Nc3 Nf6 6. c5 b6 7. b4 a5 8. Na4 Nbd7 9. a3 bxc5 10. bxc5 Be7 11. Nf3 O-O 12. Bd3 Ba6 13. O-O Ne4 14. Bf4 Bf6 15. c6 g5 16. cxd7 gxf4 17. Bxa6 Rxa6 18. Ne5 Bxe5 19. dxe5 Qxd7 20. Qd4 Rc6 21. Rac1 Rb8 22. Rfe1 Qc7 23. Rxc6 Qxc6 24. f3 Nd2 25. Qxf4 Nc4 26. Qg5+ Kf8 27. Qh6+ Ke8 28. Qxh7 Rb7 29. Qh8+ Ke7 30. Qf6+ Ke8 31. Qh8+ Kd7 32. Qf8 Kc7 33. Qxf7+ Kb8 34. Qf8+ Ka7 35. Nc5 Rc7 36. Nd3 Qb6+ 37. Kh1 Qd4 38. Nf2 Qxf2 39. Rb1 Nb2 40. Qd6 Qc2 0-1


[Site "https://www.chess.com"]

[Event "Titled Tuesday Blitz November 15 Late 2022"]
[White "Firouzja, Alireza"]
[Black "Sjugirov, Sanan"]
[WhiteFideId "12573981"]
[BlackFideId "4189302"]
[WhiteElo "2903"]
[BlackElo "2611"]
[Result "1-0"]
[Round "03"]
[TimeControl "180+1"]
[Date "2022.11.15"]
[WhiteClock "0:01:46"]
[BlackClock "0:00:02"]

1. d4 Nf6 2. Bg5 d5 3. e3 c5 4. Bxf6 gxf6 5. dxc5 e6 6. c4 dxc4 7. Nd2 c3 8. bxc3 Bxc5 9. Qh5 Be7 10. Ngf3 Nd7 11. Bc4 Nb6 12. Bb5+ Bd7 13. O-O Qc7 14. Bxd7+ Nxd7 15. Rab1 f5 16. Nd4 O-O 17. N2f3 Kh8 18. Ng5 Bxg5 19. Qxg5 a6 20. Rfd1 Rad8 21. Qe7 Qc5 22. Qh4 b5 23. Nf3 f6 24. Nd4 Qc4 25. Rb4 Qxa2 26. Rbb1 Qc4 27. h3 Nc5 28. Qh6 Qd5 29. c4 Qb7 30. cxb5 axb5 31. Rdc1 1-0


[Site "https://www.chess.com"]

[Event "Titled Tuesday Blitz November 15 Late 2022"]
[White "Forgacs, Attila Jr."]
[Black "Rodriguez Santiago, Jaime"]
[WhiteFideId "773654"]
[BlackFideId "3100898"]
[WhiteElo "2168"]
[BlackElo "2025"]
[Result "1-0"]
[Round "03"]
[TimeControl "180+1"]
[Date "2022.11.16"]
[WhiteClock "0:01:49"]
[BlackClock "0:00:50"]

1. e4 c6 2. d4 d5 3. Nc3 dxe4 4. Nxe4 Nf6 5. Nxf6+ exf6 6. c3 Bd6 7. Qc2 O-O 8. Bd3 Re8+ 9. Ne2 h5 10. Be3 h4 11. O-O-O Nd7 12. g3 h3 13. Nf4 Nf8 14. Bf1 Bg4 15. Be2 Bd7 16. Rde1 b5 17. Bf1 Bxf4 18. gxf4 Qc8 19. Rg1 Bf5 20. Bd3 Be6 21. f5 Bd5 22. Rg3 Bg2 23. Rg1 a5 24. Bh6 g5 25. fxg6 Nxg6 26. Bxg6 1-0


[Site "https://www.chess.com"]

[Event "Titled Tuesday Blitz November 15 Late 2022"]
[White "Gardezi, Arsal"]
[Black "Sonnenschein, Philipp"]
[WhiteFideId "30949521"]
[BlackFideId "16250877"]
[WhiteElo "1906"]
[BlackElo "2225"]
[Result "0-1"]
[Round "03"]
[TimeControl "180+1"]
[Date "2022.11.16"]
[WhiteClock "0:01:04"]
[BlackClock "0:00:33"]

1. Nf3 d5 2. g3 Nf6 3. Bg2 c5 4. O-O g6 5. c3 Bg7 6. d4 Ne4 7. Bf4 O-O 8. Nbd2 Nc6 9. Nxe4 dxe4 10. Ne5 Nxe5 11. dxe5 Bf5 12. Qb3 Qb6 13. Qc4 Qxb2 14. Rab1 Qa3 15. Rxb7 Rfd8 16. Bxe4 Be6 17. Qb5 Qxa2 18. Rxe7 Rac8 19. Qb7 Qxe2 20. Bg2 Bf8 21. Rc7 Rxc7 22. Qxc7 Rd7 23. Qc6 c4 24. Be3 Rd1 25. Qa8 Bd5 26. Qxd5 Rxd5 27. Bxd5 Qd3 28. Bd4 Bc5 29. e6 Bxd4 30. exf7+ Kg7 31. cxd4 Qxd4 32. Be6 Qe4 33. Bd7 Kxf7 34. Rc1 c3 35. Ba4 Qxa4 36. Rxc3 Qa1+ 37. Kg2 Qxc3 0-1


[Site "https://www.chess.com"]

[Event "Titled Tuesday Blitz November 15 Late 2022"]
[White "Gasparyan, David"]
[Black "Claverie, Christophe"]
[WhiteFideId "13311980"]
[BlackFideId "605514"]
[WhiteElo "2287"]
[BlackElo "2300"]
[Result "1-0"]
[Round "03"]
[TimeControl "180+1"]
[Date "2022.11.16"]
[WhiteClock "0:01:37"]
[BlackClock "0:01:50"]

1. Nf3 Nf6 2. d4 b5 3. Bf4 Bb7 4. e3 a6 5. Bd3 e6 6. Nbd2 c5 7. c3 d5 8. O-O Nbd7 9. Re1 Be7 10. h3 O-O 11. a4 c4 12. Bc2 Ne4 13. Nxe4 dxe4 14. Nd2 f5 15. b3 cxb3 16. Bxb3 Bd5 17. Bxd5 exd5 18. Qb3 Nb6 19. axb5 axb5 20. Qxb5 Rxa1 21. Rxa1 Bd6 22. Bxd6 Qxd6 23. Ra6 Rb8 24. c4 dxc4 25. Nxc4 Nxc4 26. Qxc4+ 1-0


[Site "https://www.chess.com"]

[Event "Titled Tuesday Blitz November 15 Late 2022"]
[White "Gerbelli Neto, Eduardo"]
[Black "Zhang, Derek"]
[WhiteFideId "2103281"]
[BlackFideId "2087871"]
[WhiteElo "2178"]
[BlackElo "2087"]
[Result "1/2-1/2"]
[Round "03"]
[TimeControl "180+1"]
[Date "2022.11.16"]
[WhiteClock "0:00:17"]
[BlackClock "0:00:16"]

1. e4 e6 2. d4 d5 3. Nc3 Bb4 4. Qd3 Bxc3+ 5. bxc3 dxe4 6. Qxe4 Nf6 7. Qh4 h6 8. Bd3 Nbd7 9. Nf3 b6 10. Qg3 Bb7 11. Qxg7 Rg8 12. Qxh6 Rxg2 13. Be2 Qe7 14. Bg5 O-O-O 15. Kf1 Rg4 16. h3 Rxg5 17. Qxg5 Rg8 18. Qh4 Qf8 19. Rg1 Rh8 20. Qg3 Ne4 21. Qh2 Nxc3 22. Ne5 Nf6 23. Bd3 Nce4 24. Qf4 Rxh3 25. Bxe4 Nxe4 26. Qxf7 Qxf7 27. Nxf7 Rf3 28. Rg8+ Kd7 29. Ne5+ Kd6 30. Nxf3 Nf6 31. Rg6 Nh5 32. Ne5 Nf4 33. Rg7 Kd5 34. Rd7+ Ke4 35. Re1+ Kf5 36. Rxc7 Ba6+ 37. Kg1 Nh3+ 38. Kg2 Nf4+ 39. Kf3 Nh3 40. Rf7+ Kg5 41. Rg1+ Nxg1+ 42. Kg2 Ne2 43. Rxa7 Bb5 44. Rb7 Nxd4 45. Rxb6 Kf5 46. Nd3 Bc4 47. a4 Nxc2 48. Nb4 Nd4 49. a5 Be2 50. a6 Kg4 51. a7 Bf3+ 52. Kf1 Be2+ 53. Ke1 Bf3 54. Nc6 Nxc6 55. a8=Q Ne5 56. Rb4+ Kf5 57. Qf8+ Kg6 58. Qf4 Nd3+ 59. Kd2 Nxf4 60. Rxf4 Bd5 61. Ke3 Kg5 62. Rf8 Kg6 63. f4 Kg7 64. Rc8 Kf6 65. Rc7 Kf5 66. Rf7+ Kg6 67. Rf8 Kg7 68. Rd8 Kf6 69. Rh8 Kf5 70. Rh5+ Kf6 71. Rg5 Bc6 72. Kd4 Be8 73. Ra5 Bg6 74. Ra6 Bf7 75. Ke4 Be8 76. f5 Bf7 77. Kf4 Bg8 78. Rd6 Ke7 79. Rxe6+ Bxe6 80. fxe6 Kxe6 1/2-1/2


[Site "https://www.chess.com"]

[Event "Titled Tuesday Blitz November 15 Late 2022"]
[White "Gorodetzky, David"]
[Black "Martinez Reyes, Pedro Ramon"]
[WhiteFideId "2813416"]
[BlackFideId "3901807"]
[WhiteElo "2904"]
[BlackElo "2648"]
[Result "1-0"]
[Round "03"]
[TimeControl "180+1"]
[Date "2022.11.16"]
[WhiteClock "0:00:08"]
[BlackClock "0:00:35"]

1. Nf3 b6 2. b3 Bb7 3. Bb2 Nf6 4. g3 g6 5. Bg2 Bg7 6. O-O Kf8 7. c4 c5 8. Nc3 h6 9. d4 cxd4 10. Qxd4 Nc6 11. Qe3 d6 12. Rfd1 Qc8 13. Rac1 Ng4 14. Qd2 Nge5 15. Nd5 h5 16. h4 Nxf3+ 17. exf3 Ne5 18. f4 Nc6 19. Re1 e6 20. Bxg7+ Kxg7 21. Qc3+ e5 22. fxe5 dxe5 23. Rxe5 Nxe5 24. Qxe5+ Kh6 25. Qf4+ Kg7 26. Qf6+ Kh6 27. Ne7 Qe6 28. Qxe6 fxe6 29. Bxb7 Rad8 30. Be4 Rd2 31. Nxg6 Rhd8 32. Kg2 Rxa2 33. Nf4 Rdd2 34. Nh3 Rab2 35. Rc3 a5 36. Rf3 Kg7 37. Ng5 e5 38. Rf7+ Kg8 39. Bh7+ Kh8 40. Ne6 Rd6 41. Bf5 Kg8 42. Rf8# 1-0


[Site "https://www.chess.com"]

[Event "Titled Tuesday Blitz November 15 Late 2022"]
[White "Grapsa, Georgia"]
[Black "Andreassen, Lars"]
[WhiteFideId "4206436"]
[BlackFideId "1504878"]
[WhiteElo "1877"]
[BlackElo "2119"]
[Result "0-1"]
[Round "03"]
[TimeControl "180+1"]
[Date "2022.11.16"]
[WhiteClock "0:01:25"]
[BlackClock "0:01:17"]

1. e4 g6 2. Nc3 Bg7 3. Bc4 d6 4. d3 a6 5. Be3 b5 6. Bb3 Bb7 7. Qd2 Nf6 8. h3 O-O 9. Bh6 c5 10. Nge2 Nc6 11. h4 Bxh6 12. Qxh6 Ng4 13. Qf4 h5 14. f3 Nge5 15. g4 c4 16. dxc4 bxc4 17. Ba4 Nb4 18. gxh5 Nbd3+ 19. cxd3 Nxd3+ 20. Kd2 Nxf4 21. Nxf4 e5 22. Nfd5 Bxd5 23. Nxd5 Qa5+ 24. Nc3 Rab8 25. Kc2 Rb4 26. Bc6 Rfb8 27. Rab1 gxh5 28. Rhg1+ Kf8 29. Rg5 Qc5 30. Bd5 Qf2+ 31. Kc1 Rxb2 32. Rxb2 Qxb2+ 0-1


[Site "https://www.chess.com"]

[Event "Titled Tuesday Blitz November 15 Late 2022"]
[White "Gubajdullin, Alexei"]
[Black "Brown, Andrew"]
[WhiteFideId "4141202"]
[BlackFideId "3206513"]
[WhiteElo "2230"]
[BlackElo "2245"]
[Result "1-0"]
[Round "03"]
[TimeControl "180+1"]
[Date "2022.11.16"]
[WhiteClock "0:00:07"]
[BlackClock "0:00:04"]

1. Nf3 g6 2. c4 Bg7 3. g3 c5 4. Bg2 Nc6 5. Nc3 h5 6. O-O d6 7. d3 Nh6 8. Rb1 Nf5 9. h3 O-O 10. Ne4 Rb8 11. a3 b5 12. cxb5 Rxb5 13. Qa4 Rb6 14. e3 Bd7 15. Qc2 Qc8 16. b3 a5 17. Bb2 Bxb2 18. Rxb2 f6 19. Nc3 Be6 20. Ne2 g5 21. d4 cxd4 22. exd4 d5 23. Rc1 Qd7 24. Qd1 Rfb8 25. Nc3 Ng7 26. Na4 Bxh3 27. Nxb6 Rxb6 28. Rc5 Bxg2 29. Kxg2 h4 30. Rbc2 h3+ 31. Kh2 Nd8 32. Rc7 Qf5 33. Ng1 Rxb3 34. Rxe7 g4 35. Rce2 Nde6 36. Qd2 Rd3 37. Qh6 Rxd4 38. R2xe6 Nxe6 39. Re8+ Kf7 40. Rb8 Qg5 41. Rb7+ Ke8 42. Qh8+ Nf8 43. Rb8+ Kd7 44. Qxf8 Qe5 45. Qd8+ Kc6 46. Qb6+ Kd7 47. Rb7+ Ke8 48. Qc6+ Kf8 49. Qc5+ Kg8 50. Qc8+ 1-0


[Site "https://www.chess.com"]

[Event "Titled Tuesday Blitz November 15 Late 2022"]
[White "Gurevich, Dmitry"]
[Black "Joubert, Dantelle"]
[WhiteFideId "2000407"]
[BlackFideId "14310813"]
[WhiteElo "2506"]
[BlackElo "1507"]
[Result "1-0"]
[Round "03"]
[TimeControl "180+1"]
[Date "2022.11.16"]
[WhiteClock "0:00:07"]
[BlackClock "0:00:01"]

1. d4 d5 2. c4 c6 3. Nf3 Nf6 4. Nc3 e6 5. e3 Nbd7 6. Qc2 Bd6 7. b3 O-O 8. Be2 b6 9. O-O Bb7 10. Bb2 Rc8 11. Rac1 dxc4 12. bxc4 e5 13. Rfd1 Qe7 14. Qb1 h6 15. h3 Rfe8 16. a4 exd4 17. exd4 Bf4 18. Rc2 Nb8 19. Re1 Rcd8 20. Bd3 Qb4 21. Ba1 Na6 22. Rce2 Rxe2 23. Rxe2 Qxb1+ 24. Bxb1 Nb4 25. Ne4 Nxe4 26. Rxe4 Bd6 27. Re1 Ba6 28. Rc1 Bf4 29. Rc3 Re8 30. g3 Bd6 31. Rc1 Re7 32. Ne5 c5 33. Nd3 Nxd3 34. Bxd3 cxd4 35. Bxd4 Rc7 36. Bf1 Bc5 37. Bxc5 Rxc5 38. f4 Kf8 39. Kf2 Ke7 40. Ke3 Kd6 41. Kd4 Kc7 42. Re1 Kd7 43. Re5 Rc6 44. h4 f6 45. Bh3+ Kd8 46. Rd5+ Ke8 47. a5 Rc7 48. axb6 axb6 49. Bf1 1-0


[Site "https://www.chess.com"]

[Event "Titled Tuesday Blitz November 15 Late 2022"]
[White "Guzman, Christopher"]
[Black "Babazada, Khazar"]
[WhiteFideId "6405096"]
[BlackFideId "13413554"]
[WhiteElo "2565"]
[BlackElo "2827"]
[Result "0-1"]
[Round "03"]
[TimeControl "180+1"]
[Date "2022.11.16"]
[WhiteClock "0:01:09"]
[BlackClock "0:00:51"]

1. e4 e6 2. d4 d5 3. exd5 exd5 4. Bd3 Bd6 5. Nf3 h6 6. O-O Ne7 7. Re1 O-O 8. Be3 Bf5 9. Bxf5 Nxf5 10. Qd3 Nxe3 11. Rxe3 Nd7 12. Nbd2 Nf6 13. Rae1 c5 14. c3 c4 15. Qc2 b5 16. b3 Qc7 17. bxc4 bxc4 18. Qf5 Rab8 19. g4 Bf4 20. R3e2 Rb2 21. h4 Rxa2 22. g5 Nh7 23. gxh6 Bxh6 24. Qxd5 Qf4 25. Qxc4 Qg4+ 26. Kf1 Qh3+ 27. Kg1 Rb2 28. Qd5 Rb6 29. Re5 Bxd2 30. Nxd2 Rg6+ 31. Rg5 Nxg5 32. hxg5 Qxc3 33. Re2 Qd3 34. Qe5 Rxg5+ 35. Qxg5 Qxe2 36. Nf1 Qe4 37. d5 f6 38. Qh5 Rd8 39. Ne3 a5 40. Nf5 Rb8 41. Qg6 Rb1+ 42. Kh2 Rh1+ 43. Kg3 Rg1+ 0-1


[Site "https://www.chess.com"]

[Event "Titled Tuesday Blitz November 15 Late 2022"]
[White "Hakobyan, Aram"]
[Black "Urazayev, Arystanbek"]
[WhiteFideId "13306677"]
[BlackFideId "13709810"]
[WhiteElo "2563"]
[BlackElo "2441"]
[Result "1/2-1/2"]
[Round "03"]
[TimeControl "180+1"]
[Date "2022.11.15"]
[WhiteClock "0:00:07"]
[BlackClock "0:00:19"]

1. d4 Nf6 2. c4 g6 3. Nc3 Bg7 4. e4 d6 5. Be2 e5 6. dxe5 dxe5 7. Qxd8+ Kxd8 8. f4 Be6 9. Nf3 Nc6 10. O-O Kc8 11. f5 gxf5 12. exf5 Bxf5 13. Nxe5 Be6 14. Nxf7 Bxf7 15. Bg5 Nd4 16. Bxf6 Nxe2+ 17. Nxe2 Bxf6 18. Rxf6 Bxc4 19. Nf4 a5 20. Rc1 Ra6 21. Rxa6 Bxa6 22. Ne6 Kd7 23. Nc5+ Kd6 24. Nxa6 bxa6 25. g4 Rb8 26. Rc2 c5 27. Kg2 a4 28. Kg3 Kd5 29. g5 c4 30. h4 a3 31. bxa3 Kd4 32. Rd2+ Ke3 33. Rd7 Rh8 34. Rc7 Kd3 35. h5 c3 36. Kg4 c2 37. g6 hxg6 38. hxg6 Rh1 39. Kf5 c1=Q 40. Rxc1 Rxc1 41. g7 Rg1 42. Kf6 Kc2 43. a4 Kb2 44. Kf7 Ka3 45. a5 Kb4 46. g8=Q Rxg8 47. Kxg8 Kxa5 48. Kf7 Kb4 49. Ke6 a5 50. Kd5 Kc3 51. Ke4 a4 52. Ke3 a3 53. Ke2 Kc2 54. Ke1 Kc1 55. Ke2 Kb2 56. Kd2 Kxa2 57. Kc2 Ka1 58. Kb3 a2 59. Kc2 1/2-1/2


[Site "https://www.chess.com"]

[Event "Titled Tuesday Blitz November 15 Late 2022"]
[White "Hansen, Sune Berg"]
[Black "Tan, Ralph"]
[WhiteFideId "1400266"]
[BlackFideId "30966590"]
[WhiteElo "2731"]
[BlackElo "2059"]
[Result "1-0"]
[Round "03"]
[TimeControl "180+1"]
[Date "2022.11.16"]
[WhiteClock "0:00:28"]
[BlackClock "0:00:03"]

1. e4 e6 2. d3 d5 3. Nd2 c5 4. Ngf3 Nf6 5. g3 Nc6 6. Bg2 Be7 7. O-O O-O 8. a4 b6 9. Re1 Bb7 10. e5 Nd7 11. Nf1 a6 12. h4 b5 13. N1h2 Re8 14. Ng4 f5 15. exf6 Nxf6 16. Ng5 Nxg4 17. Qxg4 Bxg5 18. Bxg5 Qd7 19. c3 Qf7 20. h5 b4 21. Re2 bxc3 22. bxc3 Rac8 23. Rae1 e5 24. Rb2 e4 25. dxe4 Ne5 26. Qf5 Qxf5 27. exf5 Bc6 28. Rbe2 Nf7 29. Rxe8+ Rxe8 30. Rxe8+ Bxe8 31. Bxd5 Bxa4 32. Be3 Bb5 33. Bxc5 h6 34. f4 Bd7 35. g4 a5 36. Kf2 Be8 37. Be7 Kh8 38. Ke3 1-0


[Site "https://www.chess.com"]

[Event "Titled Tuesday Blitz November 15 Late 2022"]
[White "Har-Zvi, Ronen"]
[Black "Kollars, Dmitrij"]
[WhiteFideId "2801485"]
[BlackFideId "12909572"]
[WhiteElo "2523"]
[BlackElo "2584"]
[Result "1-0"]
[Round "03"]
[TimeControl "180+1"]
[Date "2022.11.15"]
[WhiteClock "0:00:10"]
[BlackClock "0:00:05"]

1. Nf3 Nf6 2. c4 e6 3. d4 d5 4. Bg5 dxc4 5. Qa4+ Nbd7 6. Qxc4 a6 7. e3 b5 8. Qc2 Bb7 9. a4 b4 10. Nbd2 Be7 11. Nb3 O-O 12. Na5 Bd5 13. Nc6 b3 14. Qc1 Bxc6 15. Qxc6 h6 16. Bxf6 Bb4+ 17. Kd1 Nxf6 18. Bxa6 Rb8 19. Bd3 Nd5 20. Ke2 Rb6 21. Qc4 Ba5 22. Qc5 Bb4 23. Qc4 Ba5 24. Ra3 Qb8 25. Ne5 Qb7 26. Rc1 Ra8 27. Nd7 Rd6 28. Nc5 Qc6 29. Ne4 Qxc4 30. Bxc4 Rb6 31. Rxb3 Bb4 32. Ra1 c6 33. a5 Rxa5 34. Rxa5 Bxa5 35. Rxb6 Bxb6 36. Bxd5 cxd5 37. Nc5 Ba5 38. Nd3 Kf8 39. b4 Bb6 40. Ne5 Ke7 41. Kd3 f6 42. Nc6+ Kd6 43. b5 Kc7 44. f3 Kd6 45. h4 h5 46. g4 g6 47. gxh5 gxh5 48. e4 Bc7 49. f4 dxe4+ 50. Kxe4 f5+ 51. Kd3 Kd5 52. Ne7+ Kd6 53. Ng6 Bd8 54. Kc4 Bf6 55. Ne5 Bxh4 56. b6 Bf6 57. b7 Kc7 58. Nd7 Kxb7 59. Nxf6 Kc6 60. Nxh5 Kd6 61. Ng3 Kc6 62. Ne2 Kd6 63. Nc3 Kc6 64. d5+ Kd6 65. Kd4 exd5 66. Nxd5 Ke6 67. Ne3 Kf6 68. Kd5 1-0


[Site "https://www.chess.com"]